 Dungeon Crawl Stone Soup version 0.28.0-47-ge53b351184 (webtiles) character file.

Game seed: 12845767189913380670

891 nickcage the Frost Mage (level 7, -6/36 HPs)
             Began as a Deep Elf Ice Elementalist on May 2, 2022.
             Was a Believer of Vehumet.
             Mangled by a vampire (8 damage)
             ... on level 5 of the Dungeon.
             The game lasted 00:21:38 (5144 turns).

nickcage the Frost Mage (Deep Elf Ice Elementalist) Turns: 5144, Time: 00:21:38

Health: -6/36      AC:  7    Str:  5    XL:     7   Next: 77%
Magic:  7/18       EV: 12    Int: 26    God:    Vehumet [**....]
Gold:   148        SH:  0    Dex: 15    Spells: 4/18 levels left

rFire   + + .      SeeInvis +   s - +6 mace of a wizard's laboratory {vorpal, *Corrode rF++ Int+4}
rCold   . . .      Faith    .   (no shield)
rNeg    . . .      Spirit   .   a - +0 robe
rPois   .          Reflect  .   (no helmet)
rElec   .          Harm     .   (no cloak)
rCorr   .          Rampage  .   (no gloves)
Will    .....                   m - +0 pair of boots
Stlth   ++........              l - amulet of regeneration
HPRegen 0.92/turn               g - ring of see invisible
MPRegen 0.16/turn               (no ring)

@: ice-armoured, corroded, very slightly contaminated
A: no striking features
a: Renounce Religion


You were on level 5 of the Dungeon.
You worshipped Vehumet.
Vehumet was pleased with you.
You visited 1 branch of the dungeon, and saw 5 of its levels.
You also visited: Sewer.

You collected 148 gold pieces.

Inventory:

Hand Weapons
 d - a +0 dagger of venom
 n - a +1 dagger of draining
 s - the +6 mace of a wizard's laboratory (weapon) {vorpal, *Corrode rF++ Int+4}
   (You found it on level 4 of the Dungeon)

   It inflicts extra damage upon your enemies.
   Int:       It affects your intelligence (+4).
   rF:        It greatly protects you from fire.
   *Corrode:  It may corrode you when you take damage.
Armour
 a - a +0 robe (worn)
 m - a +0 pair of boots (worn)
Jewellery
 g - a ring of see invisible (left hand)
 l - an amulet of regeneration (around neck)
Wands
 o - a wand of flame (14)
Scrolls
 b - 5 scrolls of teleportation {unknown}
 c - a scroll of immolation
 k - 2 scrolls of fear {unknown}
 q - 2 scrolls of identify
 r - a scroll of blinking {unknown}
Potions
 e - 3 potions of brilliance
 f - a potion of heal wounds {unknown}
 h - a potion of attraction {unknown}
 i - a potion of mutation {unknown}
 j - a potion of might {unknown}
 p - a potion of curing {unknown}


   Skills:
 - Level 2.4 Dodging
 - Level 2.4 Stealth
 - Level 6.2 Spellcasting
 * Level 4.1 Conjurations
 - Level 1.3 Translocations
 - Level 8.0 Ice Magic
 - Level 2.0 Air Magic


You had 4 spell levels left.
You knew the following spells:

 Your Spells              Type           Power      Damage    Failure   Level
a - Freeze                Ice            100%       1d11      1%          1
b - Frozen Ramparts       Ice            98%        1d11      1%          3
c - Ozocubu's Armour      Ice            49%        N/A       1%          3
d - Shock                 Conj/Air       96%        1d9       1%          1
e - Hailstorm             Conj/Ice       39%        3d9       5%          4
f - Blink                 Tloc           30%        N/A       6%          2

Your spell library contained the following spells:

 Spells                   Type           Power      Damage    Failure   Level
 Static Discharge         Conj/Air       24%        N/A       3%          2
 Swiftness                Air            18%        N/A       9%          3
 Lesser Beckoning         Tloc           15%        N/A       12%         3
 Airstrike                Air            9%         N/A       30%         4
 Manifold Assault         Tloc           15%        N/A       71%         5
 Ozocubu's Refrigeration  Ice            24%        4d9       91%         7


Dungeon Overview and Level Annotations

Branches:
Dungeon (5/15)             Temple (0/1) D:4           Sewer (visited)

Altars:
Trog
Vehumet
Zin

Shops:
D:4 (

Annotations:
D:3 exclusion: statue
D:4 3 runed translucent doors, Cheops's ghost, amateur VSFi


Message History

The zap hits the ufetubus.
You kill the ufetubus!
Vehumet accepts your kill.
You feel your power returning. The vampire closely misses you.
The vampire barely misses you.
Aiming: Shock (safe; 1% risk of failure)
Press: ? - help, Q - select action, (/) - cycle Shift-Dir - straight line, f/p - vampire
Aim: a vampire (lightly damaged, slightly transparent, 74% to hit)
The zap hits the vampire.
The vampire is lightly damaged.
The vampire closely misses you. The vampire barely misses you.
Aiming: Shock (safe; 1% risk of failure)
Press: ? - help, Q - select action, (/) - cycle Shift-Dir - straight line, f/p - vampire
Aim: a vampire (lightly damaged, slightly transparent, 74% to hit)
The zap hits the vampire!
The vampire is moderately damaged.
The vampire misses you. The vampire barely misses you.
Aiming: Shock (safe; 1% risk of failure)
Press: ? - help, Q - select action, (/) - cycle Shift-Dir - straight line, f/p - vampire
Aim: a vampire (moderately damaged, slightly transparent, 74% to hit)
The zap hits the vampire.
The vampire is heavily damaged.
The vampire hits you!
* * * LOW HITPOINT WARNING * * *
The vampire bites you.
* * * LOW HITPOINT WARNING * * *
The vampire draws strength from your injuries!
Casting: Shock (safe; 1% risk of failure)
Confirm with . or Enter, or press ? or * to list all spells.
You don't know that spell.
Unknown command.
Casting: Shock (safe; 1% risk of failure)
Confirm with . or Enter, or press ? or * to list all spells.
Your icy armour will break if you move.
Continue? [Y]es or [N]o only, please.
Your icy armour will break if you move.
Continue?
You miscast Blink.
You are very lightly contaminated with residual magic.
Nothing appears to happen.
The vampire hits you!
You die...

.......... .#
.......... ..
.........##. #######
.......V... #.....#
..........## #.....#
........... #.....#
.........#
######.....#########'#
.....+..........@V).>#
.##.##......########.#
....####.....# #.#
.##.####.##..# #.#
.##.#....##..# #.#
.##.#.#####..#######.#
.##................#.#
.##.##.###...#####.#.#
.##.##...'............


You could see a vampire (invisible).

Vanquished Creatures
  A black bear (D:4)
  4 kobold brigands (Sewer)
  2 scorpions
  A jelly (D:3)
  A bullfrog skeleton (D:5)
  2 iguanas (D:5)
  2 hound skeletons (D:4)
  10 adders
  4 river rats
  An ufetubus (D:5)
  An adder skeleton (D:4)
  10 worms
  2 dart slugs
  8 orcs
  11 ball pythons
  8 bats
  8 endoplasms
  7 giant cockroaches
  3 goblins
  3 hobgoblins
  5 jackals
  11 kobolds
  5 quokkas
  A frilled lizard (D:2)
  10 rats
121 creatures vanquished.

Notes
Turn   | Place    | Note
-------+----------+-------------------------------------------
     0 | D:1      | nickcage the Deep Elf Ice Elementalist began the quest for
                  | the Orb.
     0 | D:1      | Reached XP level 1. HP: 10/10 MP: 6/6
   295 | D:1      | Reached XP level 2. HP: 15/15 MP: 8/8
   460 | D:1      | Reached skill level 5 in Ice Magic
   950 | D:2      | Reached XP level 3. HP: 18/19 MP: 6/9
   954 | D:2      | Learned a level 3 spell: Frozen Ramparts
   958 | D:2      | Learned a level 3 spell: Ozocubu's Armour
  1796 | D:3      | Found a radiant altar of Vehumet.
  1796 | D:3      | Noticed a charred statue
  1815 | D:3      | Became a worshipper of Vehumet
  1960 | D:3      | Reached XP level 4. HP: 24/24 MP: 10/12
  2070 | D:3      | Reached skill level 6 in Ice Magic
  2250 | D:3      | Reached * piety under Vehumet
  2250 | D:3      | Offered knowledge of Shock by Vehumet.
  2254 | D:3      | Learned a level 1 spell: Shock
  2259 | D:3      | Learned a level 4 spell: Hailstorm
  2271 | D:3      | Reached XP level 5. HP: 26/28 MP: 8/14
  2278 | D:3      | Reached skill level 5 in Spellcasting
  2286 | D:3      | Found a glowing drain.
  2293 | Sewer    | Entered a sewer
  2811 | Sewer    | Reached XP level 6. HP: 22/32 MP: 9/16
  2816 | Sewer    | Reached skill level 7 in Ice Magic
  3028 | Sewer    | Reached skill level 1 in Conjurations
  3029 | Sewer    | Reached skill level 1 in Air Magic
  3329 | Sewer    | Reached XP level 7. HP: 30/36 MP: 12/18
  3792 | D:3      | Learned a level 2 spell: Blink
  3892 | D:4      | Found a runed translucent gate.
  3894 | D:4      | Found a runed translucent gate.
  3895 | D:4      | Found a runed translucent gate.
  3946 | D:4      | Reached skill level 8 in Ice Magic
  3954 | D:4      | Offered knowledge of Static Discharge by Vehumet.
  3964 | D:4      | Reached ** piety under Vehumet
  4070 | D:4      | Noticed Cheops's ghost (amateur VSFi)
  4082 | D:4      | Found a bloodstained altar of Trog.
  4278 | D:4      | Found a staircase to the Ecumenical Temple.
  4344 | D:4      | Found a glowing silver altar of Zin.
  4581 | D:4      | Identified the +6 mace of a wizard's laboratory {vorpal,
                  | *Corrode rF++ Int+4}
  4743 | D:4      | Reached skill level 1 in Translocations
  4785 | D:4      | Found Pocsock's Weapon Emporium.
  4869 | D:5      | Entered Level 5 of the Dungeon
  4869 | D:5      | Noticed a vampire
  5143 | D:5      | HP: 1/36 [vampire (3)]
  5144 | D:5      | Mangled by a vampire

Illustrated notes

Levels and vault maps discovered:
D:1:      psy_arrival_radial01, layout_loops_ring, minmay_misc_feat_tiny,
          glass_columns_a
D:2:      layout_loops_ring
D:3:      layout_loops_cross, vehumet_statue, gup_sewer_entry_bubbles
D:4:      layout_basic, bloody_trog, zin_treasury, minmay_temple_entry_trees,
          serial_corexii_hall, corexii_hall_statues_l, corexii_hall_statues_u,
          serial_shops, shop, gammafunk_ghost_icy, minmay_surrounded
D:5:      layout_basic, grunt_qazlal_clouds, kennysheep_decorative_pillar

Skill      XL: |  1  2  3  4  5  6  7 |
---------------+----------------------+-----
Ice Magic      | 5 6 7 8 |  8.0
Spellcasting   | 4 5 6 |  6.2
Conjurations   | 1 4 |  4.1
Air Magic      | 1 2 |  2.0
Translocations | 1 |  1.3
Dodging        | |  2.4
Stealth        | |  2.4

Action                   |  1- 3 |  4- 6 |  7- 9 || total
-------------------------+-------+-------+-------++-------
Melee: Dagger            |    29 |    15 |     1 ||    45
       Mace              |       |       |     1 ||     1
 Cast: Freeze            |    35 |    63 |    24 ||   122
       Frozen Ramparts   |     2 |    13 |     2 ||    17
       Ozocubu's Armour  |       |     8 |     4 ||    12
       Shock             |       |     8 |    58 ||    66
  Use: Scroll            |     5 |       |       ||     5
 Stab: Sleeping          |    12 |     1 |       ||    13
Armor: Robe              |    10 |    14 |     8 ||    32
Dodge: Dodged            |    34 |    28 |    33 ||    95
